 Dungeon Crawl Stone Soup version 0.29.1-4-g47bece8355 (webtiles) character file.

Game seed: 12001661802121341596

1078 warriortoast the Conjurer (level 8, 22/49 (51) HPs)
             Began as a Red Draconian Conjurer on Dec 3, 2022.
             Was a Follower of Hepliaklqana.
             Quit the game on level 6 of the Dungeon.
             The game lasted 00:16:34 (7822 turns).

warriortoast the Conjurer (Red Draconian Conjurer)  Turns: 7822, Time: 00:16:35

HP:   22/49 (51)    AC:  8    Str: 11    XL:     8   Next: 8%
MP:   14/14         EV: 16    Int: 20    God:    Hepliaklqana [*.....]
Gold: 356           SH:  0    Dex:  9    Spells: 9/15 levels left

rFire   + . .      SeeInvis .   d - +1 dagger (vamp)
rCold   . . .      Faith    .   (no shield)
rNeg    . . .      Spirit   .   (body armour unavailable)
rPois   .          Reflect  .   (helmet restricted)
rElec   .          Harm     .   (no cloak)
rCorr   .          Rampage  .   (no gloves)
Will    .....                   r - +1 pair of boots
Stlth   ++........              (no amulet)
HPRegen 0.16/turn               b - +4 ring of evasion
MPRegen 0.14/turn               m - +4 ring of slaying

@: lightly drained
A: reduced essence, breathe fire, AC +6, unfitting armour, fire resistance 1,
cold-blooded
a: Breathe Fire, Renounce Religion, Recall Ancestor, Ancestor Identity


You were on level 6 of the Dungeon.
You worshipped Hepliaklqana.
Hepliaklqana was aware of your devotion.
You visited 2 branches of the dungeon, and saw 8 of its levels.

You collected 356 gold pieces.

Inventory:

Hand Weapons
 d - a +1 vampiric dagger (weapon)
 j - the +6 mace "Beastslayer" {freeze, *Corrode Str+4 SInv}
   (You found it on level 6 of the Dungeon)

   It freezes those it strikes, dealing additional cold damage.
   It can also slow down cold-blooded creatures.
   Str:       It affects your strength (+4).
   SInv:      It lets you see invisible.
   *Corrode:  It may corrode you when you take damage.
Armour
 r - a +1 pair of boots (worn)
Magical Staves
 h - a staff of fire
Jewellery
 b - a +4 ring of evasion (left hand)
 m - a +4 ring of slaying (right hand)
Wands
 g - a wand of flame (20)
Scrolls
 e - a scroll of blinking
 f - 3 scrolls of noise
 q - a scroll of teleportation
Potions
 a - a potion of magic
 c - a potion of berserk rage
 i - 5 potions of attraction
 k - a potion of flight {unknown}
 l - 2 potions of lignification
 o - 2 potions of heal wounds {unknown}
 p - 5 potions of curing
 v - 3 potions of might


   Skills:
 + Level 4.3 Dodging
 + Level 4.7 Stealth
 + Level 4.4 Spellcasting
 + Level 5.9 Conjurations
 + Level 2.6 Hexes


You had 9 spell levels left.
You knew the following spells:

 Your Spells              Type           Power      Damage    Failure   Level
a - Magic Dart            Conj           100%       1d8       1%          1
b - Searing Ray           Conj           56%        2d6       1%          2
c - Dazzling Flash        Conj/Hex       42%        N/A       6%          3

Your spell library contained the following spells:

 Spells                   Type           Power      Damage    Failure   Level
 Fulminant Prism          Conj/Hex       10%        3d9       21%         4
 Iskenderun's Mystic Bla  Conj/Tloc      16%        2d5       36%         4


Dungeon Overview and Level Annotations

Branches:
Dungeon (7/15)             Temple (1/1) D:4

Altars:
Ashenzari
Cheibriados
Elyvilon
Fedhas
Hepliaklqana
Kikubaaqudgha
Makhleb
Nemelex Xobeh
Okawaru
Sif Muna
Trog
Uskayaw
Vehumet
Wu Jian
Xom
Zin
The Shining One

Annotations:
D:5 1 runed translucent door, Crazy Yiuf, Prince Ribbit


Innate Abilities, Weirdness & Mutations

Your life essence is reduced to manifest your ancestor. (-10% HP)
You can breathe blasts of fire.
Your fiery red scales are hard. (AC +6)
You cannot fit into any form of body armour.
Your flesh is heat resistant. (rF+)
You are cold-blooded and may be slowed by cold attacks.


Message History

The wight attacks as you move away! The wight barely misses you.
You feel yourself speed up. The wight barely misses you.
The wight attacks as you move away! The wight closely misses you.
The wight barely misses you. The wight closely misses you.
The wight attacks as you move away! The wight closely misses you.
The wight attacks as you move away! The wight barely misses you.
The wight attacks as you move away! The wight hits you but does no damage.
A necrophage comes into view.
The wight attacks as you move away! The wight closely misses you.
The wight attacks as you move away! The wight misses you.
The wight attacks as you move away! The wight misses you.
The wight attacks as you move away! The wight hits you but does no damage.
The necrophage hits you but does no damage.
The wight attacks as you move away! The wight completely misses you.
The wight attacks as you move away!
The wight hits you with a +4 hand axe of freezing!
The wight freezes you. The wight misses you. The necrophage barely misses you.
As you read the scroll of teleportation, it crumbles to dust.
You feel strangely unstable. The wight hits you with a +1 falchion.
You feel drained.
The wight hits you with a +4 hand axe of freezing!
You feel yourself slow down. The wight freezes you.
The necrophage barely misses you.
Unknown command.
The wight attacks as you move away! The wight closely misses you.
The necrophage closely misses you.
The necrophage attacks as you move away!
The necrophage misses you. The wight attacks as you move away!
The wight misses you.
You feel yourself speed up.
Your surroundings seem slightly different.
Blink to where?
Press: ? - help, Dir - move target, p - wight
As you read the scroll of blinking, it crumbles to dust.
The hound barely misses you.
Are you sure you want to abandon this character and quit the game? (Confirm with "yes".)

..##....##.....# ##########'##
.######'##.....# #...##.#....#
....z.z.#.....######...........##
...#....##....##...##..........##
...#)...##.z..##.................
######..##.....#.....z...........
#####.....#......n........##
#....##.h.##.....####'##
##'####@..####'### ...## #
##................ .....
######..##.................'.....
........##..####...##.....##...##
.<......##### #...# ###' ...
..###...# ....+ .. ### # .....#
... ......# ... ..>.# ###....#


You could see a hound and a wight.

Vanquished Creatures
  A black bear (D:4)
  2 ogres
  A centaur (D:6)
  A jelly (D:6)
  A scorpion (D:4)
  4 hounds
  A gnoll bouda (D:4)
  3 iguanas
  2 orc wizards
  A mummy (D:4)
  8 adders
  5 gnolls
  A shadow imp (D:6)
  A worm (D:5)
  3 dart slugs
  9 orcs
  4 bats
  9 endoplasms
  8 giant cockroaches
  8 goblins
  6 hobgoblins
  6 jackals
  6 quokkas
  13 ball pythons
  3 frilled lizards
  6 kobolds
  3 rats
116 creatures vanquished.

Vanquished Creatures (collateral kills)
  An ogre (D:7)
  An orc wizard (D:7)
2 creatures vanquished.

Vanquished Creatures (others)
  An ancestor (D:6)
1 creature vanquished.

Grand Total: 119 creatures vanquished

Notes
Turn   | Place    | Note
-------+----------+-------------------------------------------
     0 | D:1      | warriortoast the Draconian Conjurer began the quest for the
                  | Orb.
     0 | D:1      | Reached XP level 1. HP: 14/14 MP: 3/3
   233 | D:1      | Reached XP level 2. HP: 20/20 MP: 0/5
  1231 | D:2      | Reached XP level 3. HP: 26/26 MP: 2/6
  1807 | D:2      | Found Kusocoil's Assorted Antiques.
  2023 | D:3      | Found a faded altar of an unknown god.
  2119 | D:3      | Reached XP level 4. HP: 33/33 MP: 2/7
  2369 | D:3      | Noticed an ogre
  2390 | D:3      | Killed an ogre
  2391 | D:3      | Reached XP level 5. HP: 37/38 MP: 6/9
  2486 | D:3      | Identified the +2 robe of the Camelopard {Str+3}
  2559 | D:3      | Found a white marble altar of Elyvilon.
  3400 | D:4      | Reached XP level 6. HP: 35/45 MP: 0/10
  3405 | D:4      | Reached skill level 5 in Conjurations
  3408 | D:4      | Learned a level 2 spell: Searing Ray
  3412 | D:4      | Learned a level 3 spell: Dazzling Flash
  4138 | D:4      | You fall into a shaft and drop 2 floors!
  4144 | D:5      | Entered Level 5 of the Dungeon
  4144 | D:5      | Noticed Prince Ribbit
  4292 | D:6      | Reached skill level 1 in Hexes
  4575 | D:4      | Found a snail-covered altar of Cheibriados.
  4690 | D:4      | Found a staircase to the Ecumenical Temple.
  4762 | Temple   | Entered the Ecumenical Temple
  4960 | Temple   | Became a worshipper of Hepliaklqana the Forgotten
  5045 | D:4      | Your scales start taking on a fiery red colour.
  5045 | D:4      | Reached XP level 7. HP: 50/50 MP: 6/12
  5045 | D:4      | Gained mutation: Your flesh is heat resistant. (rF+) [Red
                  | Draconian growth]
  5214 | D:4      | Found an ancient bone altar of Kikubaaqudgha.
  6250 | D:5      | Found a runed translucent door.
  6251 | D:5      | Noticed Crazy Yiuf
  7592 | D:6      | Reached XP level 8. HP: 57/57 MP: 6/14
  7596 | D:6      | Identified the +6 mace "Beastslayer" {freeze, *Corrode
                  | Str+4 SInv}
  7776 | D:6      | Reached * piety under Hepliaklqana
  7822 | D:6      | Quit the game

Illustrated notes

Levels and vault maps discovered:
D:1:      matt_arrival_diagonals, layout_loops_ring,
          minmay_misc_feat_nine_boxes, minmay_stone_trees_small
D:2:      layout_basic, serial_shops, shop
D:3:      mumra_celtic_spiral_tile, layout_basic, elyvilon_altar_5,
          ebering_ecumenical_altar_petrified
D:4:      minmay_bubble_buster, layout_basic, kennysheep_mini, slow_altar_2,
          temple_fountains
D:5:      layout_rooms, kennysheep_small_circle, uniq_prince_ribbit1,
          uniq_crazy_yiuf_cottage
D:6:      layout_gridville
D:7:      layout_loops_cross, nicolae_yredelemnul_corpse_copse,
          gammafunk_temple_overflow_statue, enter_bailey_6, minivault_27,
          uniq_joseph
Temple:   nicolae_temple_two_arcs

Skill      XL: |  1  2  3  4  5  6  7 |
---------------+----------------------+-----
Dodging        | 2 3 4 |  4.3
Stealth        | 2 3 4 |  4.7
Spellcasting   | 3 4 |  4.4
Conjurations   | 5 |  5.9
Hexes          | 1 2 |  2.6

Action                   |  1- 3 |  4- 6 |  7- 9 || total
-------------------------+-------+-------+-------++-------
Melee: Dagger            |     5 |    51 |    13 ||    69
       Tailslap          |     1 |    11 |       ||    12
       Punch             |       |     4 |       ||     4
 Cast: Magic Dart        |    83 |   138 |   102 ||   323
       Dazzling Flash    |       |     6 |     6 ||    12
       Searing Ray       |       |       |     1 ||     1
  Use: Potion            |       |     3 |       ||     3
       Scroll            |       |     4 |    14 ||    18
 Stab: Invisible         |       |     5 |     1 ||     6
Armor: Skin              |     4 |    25 |    23 ||    52
Dodge: Dodged            |     7 |   128 |    61 ||   196
